 Dungeon Crawl Stone Soup version 0.29-a0-233-g1125b37a9b (webtiles) character file.

Game seed: 12309193083644103077

583 bande the Covered (level 7, -8/44 HPs)
             Began as a Gargoyle Fighter on Mar 2, 2022.
             Mangled by an ogre
             ... wielding a +0 giant club
              (22 damage)
             ... on level 4 of the Dungeon.
             The game lasted 00:07:05 (6022 turns).

bande the Covered (Gargoyle Fighter)                Turns: 6022, Time: 00:07:06

Health: -8/44      AC: 22    Str: 19    XL:     7   Next: 37%
Magic:  7/7        EV:  7    Int:  9    God:
Gold:   1477       SH:  4    Dex: 11    Spells: 6/6 levels left

rFire   . . .      SeeInvis .   t - +1 hand axe (vamp)
rCold   . . .      Faith    .   c - +0 buckler
rNeg    + . .      Spirit   .   o - +0 chain mail {rPois}
rPois   ∞          Reflect  .   p - +2 hat
rElec   +          Harm     .   (no cloak)
rCorr   .          Rampage  .   m - +0 pair of gloves
Will    .....                   (no boots)
Stlth   ..........              (no amulet)
HPRegen 0.14/turn               j - +4 ring of protection
MPRegen 0.10/turn               (no ring)

@: no status effects
A: sickness immunity, AC +4, negative energy resistance 1, electricity
resistance, torment resistance 1, petrification resistance
a: no special abilities


You were on level 4 of the Dungeon.
You visited 1 branch of the dungeon, and saw 4 of its levels.

You collected 1477 gold pieces.

Inventory:

Hand Weapons
 a - a +1 war axe
 t - a +1 vampiric hand axe (weapon)
Armour
 c - a +0 buckler (worn)
 m - a +0 pair of gloves (worn)
 o - a +0 chain mail of poison resistance (worn)
 p - a +2 hat (worn)
Jewellery
 j - a +4 ring of protection (left hand)
Scrolls
 h - a scroll of identify
 i - a scroll of amnesia
Potions
 b - a potion of cancellation {unknown}
 d - 2 potions of might
 e - 2 potions of lignification {unknown}
 f - 2 potions of curing
 g - a potion of flight {unknown}
 k - a potion of berserk rage {unknown}
 l - a potion of brilliance {unknown}
 n - a potion of magic {unknown}


   Skills:
 + Level 4.9 Fighting
 + Level 4.9 Axes
 + Level 5.4 Armour
 - Level 0.2 Dodging
 + Level 4.1 Shields


You had 6 spell levels left.
You didn't know any spells.
Your spell library contained the following spells:

 Spells                   Type           Power      Damage    Failure   Level
 Freeze                   Ice            0%         1d3       99%         1
 Frozen Ramparts          Ice            0%         1d2       100%        3
 Hailstorm                Conj/Ice       0%         3d3       100%        4


Dungeon Overview and Level Annotations

Branches:
Dungeon (4/15)
 Temple: D:4-7

Altars:
Elyvilon
Kikubaaqudgha
Zin

Shops:
D:4 **


Innate Abilities, Weirdness & Mutations

You are immune to sickness and miasma.
Your stone body is resilient. (AC +4)
You are immune to poison.
You resist negative energy. (rN+)
You are resistant to electric shocks. (rElec)
You are resistant to unholy torment.
You are immune to petrification.


Message History

Things that are here:
a +0 mace; a +0 leather armour
Found a mace.
You start resting.
You start resting.
You start resting.
HP restored.
Things that are here:
a +0 mace; a +0 leather armour
e - 2 orange potions (gained 1)
Items here: ))) [[[ ÷÷.
o - a +0 chain mail of poison resistance You start removing your armour.
You continue taking off your +0 scale mail. x4
You finish taking off your +0 scale mail.
You start putting on your armour.
You continue putting on your +0 chain mail of poison resistance. x5
You finish putting on your +0 chain mail of poison resistance.
You drop a +0 scale mail.
Things that are here:
a +0 mace; a +0 leather armour
b - a smoky dark potion
Found Xoonisch's Elemental Accessories.
There is an entrance to Xoonisch's Elemental Accessories here.
An ogre comes into view. It is wielding a +0 giant club.
The ogre shouts!
The ogre hits you with a +0 giant club!!
You hit the ogre.
You feel better.
The ogre is lightly wounded.
The ogre hits you with a +0 giant club!
* * * LOW HITPOINT WARNING * * *
You slash the ogre!
The ogre is moderately wounded.
The ogre hits you with a +0 giant club.
* * * LOW HITPOINT WARNING * * *
You hit the ogre.
You feel better.
The ogre is heavily wounded.
The ogre hits you with a +0 giant club!!
Ouch! That really hurt!
You die...

#...........#..#....##.#.#
#.≈.∩.§...................
#..........###..######.#..
#...≈......# ##.# #.#.#
#.........## #.# #.#..
#..##.###.#####.######.##.
##.##.# #.#............#..
#.##.# #.#.###.########..
#.##.#*#@#,* #.### ##.
#.##.##.#O.# #...# ##
#.##...#*#.# ###.# #
#.#####,*,## #.# #.# **,**
#.# #.# *,* #.# #.### #,*
#.# #...# #.#######.#
###.# #.#.......#


You could see an ogre.

Vanquished Creatures
  An ogre (D:4)
  A necrophage (D:4)
  A scorpion (D:4)
  2 jellies
  3 orc priests (D:4)
  Jessica (D:3)
  An orc wizard (D:4)
  4 gnolls (D:3)
  5 adders
  A dart slug (D:2)
  5 orcs
  10 ball pythons
  7 endoplasms
  7 goblins
  5 hobgoblins
  10 jackals
  6 kobolds
  7 quokkas
  2 bats
  3 frilled lizards
  6 rats
88 creatures vanquished.

Notes
Turn   | Place    | Note
-------+----------+-------------------------------------------
     0 | D:1      | bande the Gargoyle Fighter began the quest for the Orb.
     0 | D:1      | Reached XP level 1. HP: 14/14 MP: 1/1
   267 | D:1      | Reached XP level 2. HP: 6/19 MP: 2/2
   536 | D:1      | Found a faded altar of an unknown god.
  1469 | D:2      | Reached XP level 3. HP: 10/24 MP: 3/3
  1844 | D:2      | Found an ancient bone altar of Kikubaaqudgha.
  1916 | D:2      | Reached skill level 4 in Armour
  2221 | D:2      | Reached XP level 4. HP: 29/29 MP: 4/4
  3463 | D:3      | Reached XP level 5. HP: 10/33 MP: 5/5
  3466 | D:3      | HP: 1/34 [gnoll/+1 vorpal spear (2)]
  3777 | D:3      | Noticed Jessica
  3791 | D:3      | Killed Jessica
  4669 | D:4      | Found Zin's Purification Station.
  4703 | D:4      | Reached XP level 6. HP: 30/39 MP: 6/6
  4800 | D:4      | Reached skill level 5 in Armour
  5055 | D:4      | Found a white marble altar of Elyvilon.
  5092 | D:4      | Reached XP level 7. HP: 29/44 MP: 7/7
  5408 | D:4      | Identified a scroll of acquirement
  5408 | D:4      | Acquired 1342 gold pieces
  5451 | D:4      | Found a glowing silver altar of Zin.
  5547 | D:4      | Identified the +2 falchion of Usurping Execution {vorpal,
                  | rCorr Dex+2 SInv}
  6001 | D:4      | Found Xoonisch's Elemental Accessories.
  6022 | D:4      | Mangled by an ogre

Illustrated notes

Levels and vault maps discovered:
D:1:      saegor_arrival_simple_c, layout_loops_cross,
          chequers_ecumenical_altar_simple, serial_forest,
          infiniplex_forest_clump_tiny, infiniplex_forest_clump_small,
          infiniplex_forest_lined_room_, infiniplex_forest_lined_1,
          infiniplex_forest_fountain, infiniplex_forest_lined_3,
          hangedman_decor_riveting, minmay_misc_feat_tower
D:2:      layout_loops_ring, basic_altar
D:3:      layout_loops_ring, minmay_misc_feat_secret_circle, hex_tiny,
          uniq_jessica
D:4:      layout_loops_ring, mainiacjoe_overflow_catwalk, zin_purify,
          fedhas_altar_4, nicolae_elemental_shop,
          chequers_serial_rivers_micro_e, minmay_misc_feat_diagonals

Skill      XL: |  1  2  3  4  5  6 |
---------------+-------------------+-----
Axes           | 2 3 4 |  4.9
Armour         | 4 5 |  5.4
Fighting       | 4 |  4.9
Shields        | 4 |  4.1
Dodging        | |  0.2

Action                   |  1- 3 |  4- 6 |  7- 9 || total
-------------------------+-------+-------+-------++-------
Melee: War axe           |   118 |   129 |       ||   247
       Hand axe          |       |    11 |    62 ||    73
  Use: Scroll            |       |     8 |     1 ||     9
Armor: Scale mail        |    80 |    82 |    20 ||   182
Dodge: Dodged            |    70 |    79 |    21 ||   170
Block: Buckler           |    21 |    32 |    11 ||    64

Table legend: (Time is in decaauts)
 A = Elapsed time spent in this place.
 B = Non-inter-level travel time spent in this place.
 C = Inter-level travel time spent in this place.
 D = Time resting spent in this place.
 E = Time spent auto-exploring this place.
 F = Levels seen in this place.
 G = Mean time per level.
                   A        B        C        D        E       F      G
               +--------+--------+--------+--------+--------+-----+--------+
         Total |   6132 |   5982 |    150 |   2256 |   2855 |   4 | 1533.0 |
       Dungeon |   6132 |   5982 |    150 |   2256 |   2855 |   4 | 1533.0 |
               +--------+--------+--------+--------+--------+-----+--------+

Top non-repeatable levels by time:
     D:3: 1761 daAuts
     D:2: 1510 daAuts
     D:1: 1484 daAuts
     D:4: 1376 daAuts
